Map: Oxide LE

Players

DPGCure (Cure) - Winner!

  • Race: Terran Terran
  • League: Master
  • Spawn Location: 7:00

DPGZest (Zest)

  • Race: Protoss Protoss
  • Spawn Location: 1:00

Event: StayAtHome Story Cup #3

VOD

Have the link to the VOD?

Description

Time

  • Played on: March 14, 2021, 11:02 a.m.
  • Length: 12:27

All games in this series

Show
View Real Time Build Order
Export as new Build Order

DPGCure Terran - Winner!

Build Orders:  

Get SALT Encoding   

  12  0:00  SCV  
  13  0:12  SCV  
  14  0:16  Supply Depot  
  14  0:24  SCV  
  15  0:38  SCV  
  15  0:39  Barracks  
  16  0:43  Refinery  
  16  0:50  SCV  
  17  1:02  SCV  
  18  1:14  SCV  
  19  1:27  Orbital Command, Marine  
  20  1:43  Command Center  
  20  1:51  Factory  
  20  1:54  SCV  
  21  2:03  Barracks Reactor  
  21  2:06  Refinery, SCV  
  22  2:10  Supply Depot  
  22  2:18  SCV  
  23  2:32  SCV  
  24  2:37  Starport  
  24  2:42  Hellion x2  
  28  2:44  SCV  
  28  2:46  Marine  
  29  2:52  Supply Depot  
  29  2:56  SCV  
  30  3:05  Marine  
  30  3:11  Widow Mine x2  
  35  3:15  Orbital Command  
  35  3:19  SCV  
  36  3:24  Medivac  
  38  3:31  SCV, Marine  
  37  3:35  Widow Mine  
  37  3:40  Widow Mine  
  41  3:43  SCV x2  
  41  3:48  Supply Depot  
  43  3:55  SCV x2  
  45  3:57  Supply Depot  
  45  3:59  Starport Tech Lab  
  45  4:05  Marine x2  
  45  4:07  SCV  
  45  4:08  SCV  
  45  4:09  Factory Tech Lab  
  49  4:23  Marine x2  
  48  4:25  SCV x2  
  48  4:29  Siege Tank  
  48  4:30  Viking  
  52  4:41  Marine x2  
  50  4:46  SCV x2  
  45  4:58  SCV x2, Marine  
  45  4:59  Marine  
  44  5:04  Siege Tank  
  46  5:10  Orbital Command, SCV x2  
  46  5:11  Raven  
  50  5:17  Marine  
  49  5:22  SCV  
  50  5:32  Marine  
  50  5:34  SCV  
  52  5:35  Marine  
  52  5:36  SCV  
  54  5:46  Bunker  
  54  5:48  Siege Tank  
  55  5:53  Marine x2  
  54  5:57  SCV  
  54  5:58  SCV  
  45  6:06  Viking  
  45  6:09  SCV  
  45  6:10  SCV  
  45  6:11  Marine x2  
  51  6:22  SCV x2  
  49  6:29  Marine x2  
  43  6:35  SCV x2  
  40  6:46  Marine  
  40  6:47  SCV x2, Marine  
  38  6:52  Raven  
  43  6:59  SCV x2  
  43  7:04  Marine x2  
  44  7:11  SCV x2  
  44  7:15  Siege Tank  
  46  7:22  Marine x2  
  47  7:23  SCV  
  47  7:24  SCV  
  50  7:36  SCV x2  
  52  7:44  Barracks  
  52  7:47  Marine x2  
  52  7:48  SCV x2  
  55  7:54  Bunker  
  55  7:56  Siege Tank, Supply Depot  
  58  8:00  SCV x2  
  60  8:09  Marine x2  
  60  8:12  SCV x2  
  62  8:24  SCV x2  
  62  8:27  Marine x2  
  64  8:28  Siege Tank  
  69  8:36  SCV x2  
  69  8:37  Marine, Stimpack  
  69  8:38  Starport Reactor  
  69  8:39  Barracks  
  72  8:42  Engineering Bay  
  72  8:46  Refinery  
  73  8:48  SCV x2  
  73  8:49  Marine x2  
  73  8:55  Refinery, Marine  
  77  9:00  SCV  
  78  9:04  Supply Depot  
  78  9:06  SCV  
  78  9:09  Factory Reactor, Marine x2  
  81  9:12  SCV, Marine  
  83  9:18  SCV  
  83  9:20  Medivac  
  86  9:24  Terran Infantry Weapons Level 1, Supply Depot  
  86  9:25  Supply Depot  
  86  9:26  SCV, Medivac  
  86  9:29  Marine x2  
  86  9:30  Marine  
  92  9:31  SCV  
  94  9:38  Combat Shield  
  94  9:47  Supply Depot  
  94  9:48  Supply Depot  
  94  9:50  Marauder, Marine x2  
  94  9:51  Widow Mine, Marauder  
  101  9:53  Widow Mine  
  103  10:09  Command Center  
  103  10:13  Ghost Academy  
  103  10:20  Supply Depot  
  103  10:21  Marine, Supply Depot  
  103  10:22  Marauder x2, Marine  
  109  10:35  Barracks x2  
  109  10:39  SCV x2  
  111  10:43  Supply Depot  
  111  10:44  Enhanced Shockwaves  
  111  10:51  Ghost  
  111  10:56  Ghost  
  115  11:00  Marine x2  
  116  11:12  Armory  
  116  11:19  Ghost, Marine x2  
  116  11:24  Orbital Command  
  116  11:25  Ghost  
  121  11:27  Barracks Tech Lab  
  121  11:28  Barracks Reactor  
  121  11:41  Widow Mine x2  
  125  11:48  Marine x2, Ghost  
  125  11:49  Ghost  
  131  11:55  Ghost  
  131  11:59  SCV x2  
  135  12:06  Marine x2  
  137  12:09  Marine  
  137  12:13  Refinery  
  137  12:21  Refinery  
Show
View Real Time Build Order
Export as new Build Order

DPGZest Protoss 

Build Orders: 1 Gate Expand 

Get SALT Encoding   

  12  0:00  Probe  
  13  0:12  Probe  
  14  0:17  Pylon  
  14  0:25  Probe (Chrono Boost)  
  15  0:37  Probe (Chrono Boost), Gateway  
  16  0:45  Probe (Chrono Boost)  
  16  0:46  Assimilator  
  17  0:51  Probe  
  18  1:03  Probe  
  19  1:15  Probe  
  20  1:24  Cybernetics Core  
  20  1:33  Nexus  
  20  1:35  Probe  
  21  1:41  Pylon  
  21  1:47  Probe  
  21  1:50  Assimilator  
  22  1:58  Adept (Chrono Boost)  
  22  1:59  Probe  
  23  2:03  Warp Gate  
  25  2:14  Pylon  
  25  2:18  Adept (Chrono Boost)  
  27  2:33  Robotics Facility  
  27  2:39  Probe  
  28  2:46  Robotics Facility  
  28  2:55  Stalker  
  30  2:59  Gateway  
  30  3:17  Shield Battery  
  30  3:23  Immortal (Chrono Boost)  
  34  3:35  Immortal (Chrono Boost)  
  38  3:51  Warp Prism (Chrono Boost)  
  40  3:58  Stalker  
  40  4:27  Observer  
  41  4:31  Immortal  
  43  4:41  Stalker  
  43  4:42  Stalker  
  45  4:59  Immortal  
  46  5:10  Warp Prism  
  48  5:15  Stalker x2  
  52  5:33  Pylon  
  52  5:34  Pylon  
  52  5:45  Observer  
  53  6:02  Immortal (Chrono Boost)  
  53  6:03  Immortal (Chrono Boost)  
  43  6:10  Stalker  
  43  6:11  Zealot  
  55  6:36  Immortal  
  49  6:50  Immortal  
  51  6:55  Zealot x2  
  54  7:13  Probe (Chrono Boost)  
  43  7:16  Probe (Chrono Boost)  
  43  7:18  Immortal  
  48  7:25  Probe (Chrono Boost)  
  48  7:28  Probe (Chrono Boost)  
  50  7:32  Probe (Chrono Boost), Stalker  
  50  7:33  Probe (Chrono Boost)  
  50  7:35  Observer  
  55  7:39  Probe  
  55  7:42  Observer  
  56  7:45  Observer  
  56  7:50  Probe (Chrono Boost)  
  57  7:54  Probe (Chrono Boost)  
  57  7:58  Twilight Council, Forge  
  58  8:02  Probe (Chrono Boost)  
  58  8:04  Probe (Chrono Boost)  
  60  8:07  Probe (Chrono Boost)  
  60  8:08  Probe (Chrono Boost)  
  61  8:16  Probe  
  52  8:31  Charge (Chrono Boost)  
  56  8:35  Protoss Ground Weapons Level 1 (Chrono Boost), Assimilator  
  56  8:36  Assimilator  
  56  8:51  Gateway  
  56  8:52  Gateway  
  56  8:53  Gateway  
  52  8:58  Gateway  
  52  9:04  Gateway x2  
  52  9:06  Pylon  
  52  9:15  Stalker x2  
  56  9:26  Pylon  
  56  9:28  Templar Archives  
  56  9:35  Pylon  
  56  9:45  Gateway  
  56  9:55  Psionic Storm  
  56  10:07  High Templar x2  
  60  10:20  High Templar  
  62  10:21  Sentry  
  62  10:23  Pylon x2  
  64  10:30  Pylon  
  64  10:42  High Templar  
  66  10:47  Pylon  
  66  10:48  Shield Battery  
  65  11:06  High Templar x2  
  65  11:07  Zealot x6  
  81  11:20  Pylon  
  81  11:27  Robotics Facility  
  81  11:39  Nexus  
  81  11:41  Pylon  
  81  12:02  High Templar x2, Zealot x4  
  81  12:03  Zealot x2  
  81  12:07  Pylon  
  97  12:10  Pylon  
Tags
 
Add a new tag
Caveats
  • Supply blocks, unpowered buildings, or Contaminate may cause inaccurate times.
  • Supply counts are checked every 10 seconds.